 Dungeon Crawl Stone Soup version 0.19-a0-1878-gcbc8a98 (webtiles) character file.

798 PurpleRed the Firebug (level 7, -2/50 HPs)
             Began as a Demigod Fire Elementalist on Oct 13, 2016.
             Slain by a sky beast (5 damage)
             ... on level 7 of the Dungeon.
             The game lasted 00:14:55 (1494 turns).

PurpleRed the Firebug (Demigod Fire Elementalist)   Turns: 1494, Time: 00:14:55

Health: -2/50      AC:  2    Str: 11    XL:     7   Next: 32%
Magic:  0/16       EV: 14    Int: 23    God:
Gold:   123        SH:  0    Dex: 16    Spells: 4 memorised, 2 levels left

rFire  . . .     SeeInvis .     i - +0 dagger
rCold  . . .     Gourm    .     a - +0 robe
rNeg   . . .     Faith    .     (no shield)
rPois  +         Spirit   .     (no helmet)
rElec  .         Dismiss  .     (no cloak)
rCorr  .         Reflect  .     (no gloves)
MR     .....     Harm     .     (no boots)
Stlth  ++........               (no amulet)
                                g - +2 ring of evasion
                                y - ring of poison resistance

@: very slightly contaminated
A: high mp 1
a: no special abilities


You were on level 7 of the Dungeon.
You were hungry.

You visited 1 branch of the dungeon, and saw 7 of its levels.
You also visited: Sewer.

You collected 123 gold pieces.

Inventory:

Hand Weapons
 i - a +0 dagger (weapon)
Missiles
 w - 5 silver tomahawks (quivered)
Armour
 a - a +0 robe (worn)
Jewellery
 g - a +2 ring of evasion (right hand)
 v - an uncursed ring of protection from cold
 y - a ring of poison resistance (left hand)
Wands
 j - a wand of polymorph (21/24)
Scrolls
 d - 4 scrolls of recharging
 f - a scroll of remove curse
 q - 2 scrolls of teleportation
Potions
 e - a potion of magic
 h - 2 potions of agility {unknown}
 k - a potion of brilliance {unknown}
 m - a potion of ambrosia {unknown}
 n - 4 potions of curing
 o - 2 potions of heal wounds
 s - 2 potions of haste {unknown}
 u - a potion of resistance {unknown}
Books
 b - a book of Flames

   Spells                             Type                      Level
   a - Flame Tongue                   Conjuration/Fire             1
   b - Throw Flame                    Conjuration/Fire             2
   c - Conjure Flame                  Conjuration/Fire             3
   d - Inner Flame                    Hexes/Fire                   3
   e - Sticky Flame                   Conjuration/Fire             4
   f - Fireball                       Conjuration/Fire             5
 x - a book of Changes

   Spells                             Type                      Level
   a - Beastly Appendage              Transmutation                1
   b - Sticks to Snakes               Transmutation                2
   c - Spider Form                    Transmutation/Poison         3
   d - Ice Form                       Ice/Transmutation            4
   e - Blade Hands                    Transmutation                5
Comestibles
 c - a bread ration
 l - 2 beef jerkies
 z - 4 chunks of flesh


   Skills:
 - Level 1.7 Dodging
 - Level 1.7 Stealth
 + Level 4.3 Spellcasting
 + Level 4.5 Conjurations
 + Level 5.2 Fire Magic


You had 2 spell levels left.
You knew the following spells:

 Your Spells              Type           Power        Failure   Level  Hunger
a - Flame Tongue          Conj/Fire      ####.        1%          1    None
b - Throw Flame           Conj/Fire      ####..       2%          2    None
c - Sticky Flame          Conj/Fire      ####....     17%         4    ####...
d - Fireball              Conj/Fire      ####......   45%         5    #####..


Dungeon Overview and Level Annotations

Branches:
Dungeon (7/15)
 Temple: D:4-7

Shops:
D:4 %

Annotations:
D:4 PurpleRed's ghost, amateur KoWz


Innate Abilities, Weirdness & Mutations

You have an increased reservoir of magic. (+10% MP)


Message History

The sticky flame hits the sky beast.
The sky beast is heavily wounded.
The sky beast is covered in liquid flames!
You are feeling hungry.
The sky beast burns!
The sky beast hits you.
* * * LOW HITPOINT WARNING * * *
The sky beast shocks you.
* * * LOW HITPOINT WARNING * * *
The sky beast burns!
The sky beast burns!
The sky beast burns!
The sky beast stops burning.
Casting: Sticky Flame
Confirm with . or Enter, or press ? or * to list all spells.
Aiming: Flame Tongue
Press: ? - help, Shift-Dir - straight line, f/p - sky beast
Aim: a sky beast (almost dead)
The flame tongue misses the sky beast.
The sky beast hits you.
* * * LOW HITPOINT WARNING * * *
The sky beast shocks you.
You die...

*..#*,**##.........,,,,,,***,,
####..##.###............,,,,,,,,,
.................(......,******,,
.........###......>.....** ***
.....#..##.....##.....,***
<....#,.##.....#*.(..!**,**
.###.##........#*..#..,*,,*
####§##.#......##..#.#,*,,*
#§§§..........Y@..#,*,,,,**
#§§§.....##..###.##,,,,,,,*
#§§§........## *.#,,,***,,***
#§§......###* *.#,,****,,,,****
#........# *.#,,* *,,,,,,,,,
##........#******..,** *,,,,,,,,,
###.#.#......,,**##** *,,,,,,,,,
).............,* *,,,,,,,,,
.....###......,* *,,,,,,,,,


You could see a sky beast.

Vanquished Creatures
  2 ogres
  A centaur (D:6)
  2 bullfrogs (Sewer)
  A scorpion (D:7)
  An orc priest (D:4)
  A hound (D:4)
  An orc wizard (D:4)
  A jelly (D:5)
  3 worker ants
  7 adders
  3 river rats
  A shadow imp (D:6)
  4 oozes
  A worm (D:3)
  6 orcs
  10 ball pythons
  2 giant cockroaches
  13 jackals
  3 kobolds
  3 bats
  4 frilled lizards
  3 goblins
  27 rats
100 creatures vanquished.

Notes
Turn   | Place    | Note
-------+----------+-------------------------------------------
     0 | D:1      | PurpleRed the Demigod Fire Elementalist began the quest for the Orb.
     0 | D:1      | Reached XP level 1. HP: 14/14 MP: 5/5
    12 | D:1      | Reached skill level 1 in Conjurations
    92 | D:1      | Reached XP level 2. HP: 8/20 MP: 0/7
   146 | D:2      | Reached skill level 3 in Fire Magic
   160 | D:2      | Learned a level 2 spell: Throw Flame
   269 | D:4      | Found Jevollu's Food Emporium.
   270 | D:4      | Noticed PurpleRed's ghost (amateur KoWz)
   301 | D:3      | Found a glowing drain.
   330 | D:3      | Reached XP level 3. HP: 8/26 MP: 2/9
   346 | Sewer    | Entered a sewer
   491 | Sewer    | Reached XP level 4. HP: 24/33 MP: 5/10
   679 | Sewer    | Noticed a bullfrog
   680 | Sewer    | Noticed a bullfrog
   682 | Sewer    | Killed a bullfrog
   682 | Sewer    | Reached XP level 5. HP: 36/38 MP: 8/12
   690 | Sewer    | Reached skill level 4 in Fire Magic
   774 | D:3      | Noticed an ogre
   791 | D:3      | Killed an ogre
   791 | D:3      | Reached XP level 6. HP: 27/45 MP: 2/14
   935 | D:4      | Learned a level 4 spell: Sticky Flame
   941 | D:4      | Learned a level 5 spell: Fireball
  1193 | D:5      | Entered Level 5 of the Dungeon
  1392 | D:6      | Reached XP level 7. HP: 16/50 MP: 7/16
  1433 | D:7      | Reached skill level 5 in Fire Magic
  1494 | D:7      | Slain by a sky beast

Vault maps used:
D:1:      dpeg_arrival_tiny_b
D:2:      first_bread, minmay_misc_feat_enclosed
D:3:      portal_sewer_entry_b
D:4:      serial_shops, shop_fountains, grunt_ministairs_3
D:6:      uniq_menkaure, uniq_eustachio
D:7:      grunt_ogre_cave, nicolae_lava_and_water, uniq_pikel
Sewer:    sewer_minmay_w

Skill      XL: |  1  2  3  4  5  6  7 |
---------------+----------------------+-----
Conjurations   | 1 2 3 4 |  4.5
Spellcasting   | 2 3 4 |  4.3
Fire Magic     | 3 4 5 |  5.2
Dodging        | |  1.7
Stealth        | |  1.7

Action                   |  1- 3 |  4- 6 |  7- 9 || total
-------------------------+-------+-------+-------++-------
Melee: Unarmed           |     8 |       |       ||     8
       Dagger            |    15 |    15 |       ||    30
 Cast: Flame Tongue      |    45 |    75 |     9 ||   129
       Throw Flame       |       |     1 |       ||     1
       Sticky Flame      |       |     3 |     3 ||     6
  Use: Potion            |     1 |       |     1 ||     2
       Scroll            |       |     1 |     6 ||     7
 Stab: Sleeping          |       |     2 |       ||     2
  Eat: Chunk             |       |     2 |     1 ||     3
Armor: Robe              |    11 |     6 |       ||    17
Dodge: Dodged            |    27 |    34 |     1 ||    62
